[Event "November 21 Early 2023"]
[Site "https://www.chess.com"]
[Date "2023.11.21"]
[Round "6"]
[White "ChessLebaneseSalah"]
[Black "Mangialardo, Tiago Carvalho"]
[Result "1/2-1/2"]
[Board "194"]
[TimeControl "180+1"]
[BlackFideId "2130718"]
[WhiteElo "2391"]
[BlackElo "2146"]
[BlackTeam "BRA"]
[WhiteClock "0:00:08"]
[BlackClock "0:00:01"]

1. e4 Nf6 2. e5 Nd5 3. Nf3 d6 4. d4 Nc6 5. exd6 exd6 6. c3 Be7 7. Bc4 Nb6 8. Bb3 O-O 9. O-O Bg4 10. Nbd2 d5 11. h3 Bh5 12. Re1 Bd6 13. Nf1 Re8 14. Ne3 Ne7 15. g4 Bg6 16. Ng2 a5 17. a4 Nc4 18. h4 h5 19. Nd2 hxg4 20. Qxg4 Nxd2 21. Bxd2 Qc8 22. Qf3 Qf5 23. Qxf5 Bxf5 24. Ne3 Be4 25. Nf1 Nf5 26. h5 Nh4 27. Bd1 Nf3+ 28. Bxf3 Bxf3 29. h6 g6 30. Nh2 Be4 31. Ng4 Re6 32. Bg5 Kh8 33. Nf6 Be7 34. Nxe4 dxe4 35. Be3 f5 36. d5 Rd6 37. Rad1 Kh7 38. c4 Bf6 39. c5 Rd7 40. b3 Rad8 41. c6 bxc6 42. Rc1 cxd5 43. Bf4 d4 44. Rxc7 d3 45. Rxd7+ Rxd7 46. Rd1 g5 47. Bd2 Kxh6 48. Bxa5 Kg6 49. b4 f4 50. b5 e3 51. fxe3 fxe3 52. b6 Bd4 53. Kg2 e2 54. Rxd3 Bxb6 55. Rxd7 Bxa5 56. Rd6+ Kf5 57. Rd5+ Ke4 58. Rxa5 e1=Q 59. Rb5 Qe2+ 60. Kg3 Qe3+ 61. Kg2 Qf3+ 62. Kg1 Qg3+ 63. Kf1 Qd3+ 64. Kg2 Qc2+ 65. Kg3 Qxa4 66. Rxg5 Qb3+ 67. Kg4 Qf3+ 68. Kh4 Kf4 69. Rf5+ Kxf5 1/2-1/2

[Event "November 21 Early 2023"]
[Site "https://www.chess.com"]
[Date "2023.11.21"]
[Round "6"]
[White "Buchenau, Frank"]
[Black "DonCiao"]
[Result "1-0"]
[Board "195"]
[TimeControl "180+1"]
[WhiteFideId "4604350"]
[WhiteElo "2157"]
[BlackElo "2122"]
[WhiteTeam "GER"]
[WhiteClock "0:00:27"]
[BlackClock "0:00:00"]

1. e4 c5 2. Nf3 Nc6 3. Bb5 g6 4. Bxc6 dxc6 5. d3 Bg7 6. O-O Bg4 7. Nbd2 Nf6 8. h3 Bxf3 9. Nxf3 Nd7 10. c3 e5 11. Qb3 b6 12. Be3 O-O 13. Rfd1 h6 14. d4 cxd4 15. cxd4 Qe7 16. d5 cxd5 17. Rxd5 Rfe8 18. Rad1 Nf8 19. h4 Rac8 20. h5 gxh5 21. a4 Red8 22. a5 Rxd5 23. Rxd5 bxa5 24. Rxa5 Ng6 25. Rxa7 Qf8 26. Qd5 Rd8 27. Rxf7 Qxf7 28. Qxd8+ Kh7 29. Qd5 Qc7 30. b4 Nf4 31. Bxf4 exf4 32. Qc5 Qb7 33. Qf5+ Kh8 34. b5 h4 35. Nxh4 Qb6 36. Ng6+ Kg8 37. Nxf4 1-0

[Event "November 21 Early 2023"]
[Site "https://www.chess.com"]
[Date "2023.11.21"]
[Round "6"]
[White "Zoete, Roelant"]
[Black "Ghosh, Chanchal Kumer"]
[Result "0-1"]
[Board "196"]
[TimeControl "180+1"]
[WhiteFideId "40103269"]
[BlackFideId "10201858"]
[WhiteElo "2370"]
[BlackElo "2067"]
[WhiteTeam "NED"]
[BlackTeam "BAN"]
[WhiteClock "0:00:22"]
[BlackClock "0:00:18"]

1. e4 c5 2. Nc3 d6 3. f4 e6 4. Nf3 Nc6 5. Bb5 Qc7 6. d3 Nf6 7. O-O Be7 8. Qe1 O-O 9. Bxc6 Qxc6 10. Qh4 Re8 11. Qh3 b5 12. f5 b4 13. Ne2 exf5 14. exf5 d5 15. Ne5 Qc7 16. Bf4 Bd6 17. Ng4 Nxg4 18. Qxg4 Bxf4 19. Nxf4 Qe5 20. Rae1 Qxe1 21. Rxe1 Rxe1+ 22. Kf2 Re5 23. Qg3 Rxf5 24. Kg1 Be6 25. Nxe6 fxe6 26. Qd6 d4 27. Qxe6+ Rf7 28. h3 Rf8 29. Qd5 Rc8 30. Kh2 g6 31. Qe6 Rc7 32. h4 Kg7 33. Qe5+ Kg8 34. h5 gxh5 35. Qxh5 Rfe7 36. Qg5+ Kf7 37. Qf5+ Kg7 38. Qg4+ Kf6 39. b3 Re5 40. Qh4+ Kg6 41. Qg3+ Kf6 42. Qf4+ Ke6 43. Qh6+ Kd5 44. Qf8 Rce7 45. Qd8+ Ke6 46. Qg8+ Kf6 47. Qf8+ Kg6 48. Qg8+ Rg7 49. Qc8 Rg5 50. Qe6+ Kh5 51. Qf6 Rxg2+ 52. Kh1 R2g5 53. Qf3+ Kg6 54. Qe4+ Kf6 55. Qf4+ Ke6 56. Qe4+ Kd6 57. Qf4+ Kc6 58. Qf6+ Kc7 59. Qf4+ Kd8 60. Qd6+ Ke8 61. Qe6+ Kf8 62. Qf6+ Ke8 63. Qe6+ Kd8 64. Qd6+ Kc8 65. Qc6+ Kb8 66. Qd6+ Kb7 67. Qh2 R5g6 68. Qh5 Rg1+ 69. Kh2 R7g2+ 70. Kh3 Rg7 71. Qd5+ Kb6 72. Qd6+ Kb5 73. Qb8+ Ka6 74. Qc8+ Kb6 75. Qb8+ Kc6 76. Qc8+ Kd6 77. Qd8+ Ke6 78. Qe8+ Kf5 79. Qc8+ Kf4 80. Qf8+ Ke3 81. Qe7+ Kd2 82. Kh2 R1g6 83. Qh4 Rg2+ 84. Kh3 R7g3+ 85. Qxg3 Rxg3+ 86. Kxg3 Kxc2 87. Kf4 Kxd3 88. Ke5 Kc3 89. Kd5 d3 90. Kxc5 d2 91. Kb5 d1=Q 92. Ka6 Qc2 93. Kxa7 Qxa2+ 94. Kb7 Qxb3 95. Kb8 Qc4 96. Ka8 b3 97. Ka7 b2 98. Kb8 b1=Q+ 99. Ka7 Qca2# 0-1

[Event "November 21 Early 2023"]
[Site "https://www.chess.com"]
[Date "2023.11.21"]
[Round "6"]
[White "Mirza, Diana"]
[Black "Matveeva, Olga"]
[Result "0-1"]
[Board "197"]
[TimeControl "180+1"]
[WhiteFideId "2503999"]
[BlackFideId "24107018"]
[WhiteElo "1813"]
[BlackElo "1883"]
[WhiteTeam "IRL"]
[BlackTeam "RUS"]
[WhiteClock "0:00:28"]
[BlackClock "0:00:30"]

1. e4 c6 2. d4 d5 3. exd5 cxd5 4. Bd3 Nc6 5. c3 Nf6 6. Bf4 Bg4 7. Qd2 e6 8. h3 Bh5 9. Ne2 Bd6 10. Bxd6 Qxd6 11. O-O O-O 12. Na3 a6 13. Nc2 Ne4 14. Bxe4 dxe4 15. Qf4 e5 16. Qxe4 Bg6 17. dxe5 Nxe5 18. Qd4 Qc7 19. Nb4 Rad8 20. Qf4 a5 21. Rac1 axb4 22. cxb4 Qb8 23. Rc5 Nd3 24. Qxb8 Rxb8 25. Rc7 Nxb4 26. Nf4 Nxa2 27. Nxg6 hxg6 28. Ra1 Nb4 29. Ra7 b6 30. Rd7 Rbd8 31. Rdb7 Rd1+ 32. Kh2 Nd3 33. Rxb6 Nxf2 34. Kg3 Ne4+ 35. Kf3 Nf6 36. b4 Rd3+ 37. Ke2 Rb3 38. b5 Re8+ 39. Kf1 Rb1+ 40. Kf2 Rb2+ 41. Kg3 Nh5+ 42. Kh2 Ree2 43. Rb8+ Kh7 44. h4 Rxg2+ 45. Kh3 Rg3# 0-1

[Event "November 21 Early 2023"]
[Site "https://www.chess.com"]
[Date "2023.11.21"]
[Round "6"]
[White "Lohani, Sujana"]
[Black "Gallegos Diaz, Carlos Alberto"]
[Result "0-1"]
[Board "198"]
[TimeControl "180+1"]
[WhiteFideId "12311987"]
[BlackFideId "3900886"]
[WhiteElo "1718"]
[BlackElo "2362"]
[WhiteTeam "NEP"]
[BlackTeam "VEN"]
[WhiteClock "0:00:00"]
[BlackClock "0:00:11"]

1. d4 Nf6 2. Nf3 d6 3. c4 Nbd7 4. g3 e5 5. dxe5 dxe5 6. Bg2 Bb4+ 7. Bd2 Qe7 8. O-O Bxd2 9. Qxd2 O-O 10. Nc3 c6 11. e3 h6 12. Rad1 e4 13. Nd4 Nc5 14. b4 Na6 15. a3 Bg4 16. Rc1 Rad8 17. c5 Qe5 18. Qc2 Rfe8 19. Nb3 Bf3 20. Nd2 Qh5 21. Ndxe4 Nxe4 22. Nxe4 Rxe4 23. Qxe4 Bxe4 24. Bxe4 Nc7 25. Kg2 Qe5 26. Bf3 Qb2 27. Rfd1 Rxd1 28. Rxd1 Qxa3 29. Rd8+ Kh7 30. Rd6 Nb5 31. Rd7 Kg8 32. Rxb7 Qxb4 33. Bxc6 a6 34. Rb8+ Kh7 35. Rb7 Qxc5 36. Be4+ f5 0-1

[Event "November 21 Early 2023"]
[Site "https://www.chess.com"]
[Date "2023.11.21"]
[Round "6"]
[White "Marin Pincheira, Carlos"]
[Black "Golubenko, Valentina"]
[Result "1-0"]
[Board "199"]
[TimeControl "180+1"]
[WhiteFideId "3407543"]
[BlackFideId "4501993"]
[WhiteElo "2080"]
[BlackElo "2126"]
[WhiteTeam "CHI"]
[BlackTeam "CRO"]
[WhiteClock "0:00:18"]
[BlackClock "0:00:00"]

1. d4 g6 2. c4 Bg7 3. Nc3 c5 4. d5 d6 5. e4 Nf6 6. Nf3 e6 7. dxe6 Bxe6 8. Bf4 O-O 9. Qxd6 Qa5 10. O-O-O Nc6 11. Be2 Ne8 12. Qd2 Rd8 13. Qc2 Nb4 14. Qb3 Bxc3 15. bxc3 Nxa2+ 16. Kb2 Nxc3 17. Qxc3 Qb6+ 18. Kc2 f6 19. Rxd8 Qxd8 20. Rd1 Qb6 21. h4 Qa6 22. h5 Qa2+ 23. Qb2 Qa4+ 24. Qb3 Qa6 25. h6 b6 26. Kb2 Qb7 27. Qe3 a5 28. Nd2 a4 29. Nb1 b5 30. cxb5 c4 31. Na3 1-0

[Event "November 21 Early 2023"]
[Site "https://www.chess.com"]
[Date "2023.11.21"]
[Round "6"]
[White "Saim, Mohamed Ilias"]
[Black "Zepeda Berlanga, Jan Enrique"]
[Result "1-0"]
[Board "200"]
[TimeControl "180+1"]
[WhiteFideId "7900465"]
[BlackFideId "5132355"]
[WhiteElo "2063"]
[BlackElo "1680"]
[WhiteTeam "ALG"]
[BlackTeam "MEX"]
[WhiteClock "0:00:10"]
[BlackClock "0:00:00"]

1. d4 Nf6 2. c4 g6 3. Nf3 Bg7 4. e3 O-O 5. Be2 c5 6. d5 d6 7. Nc3 e6 8. e4 Re8 9. O-O Na6 10. h3 Nc7 11. Qc2 exd5 12. exd5 a6 13. a4 h5 14. Bd3 Re7 15. Bg5 Qe8 16. Rfe1 Rb8 17. Ne4 Rxe4 18. Bxe4 b5 19. axb5 axb5 20. Bxg6 Qd7 21. Bxf6 Bxf6 22. Bxh5 bxc4 23. Qxc4 Rxb2 24. Qg4+ Qxg4 25. Bxg4 Bxg4 26. hxg4 c4 27. g5 Bg7 28. Rac1 c3 29. Re3 Nxd5 30. Rd3 Nf4 31. Rxd6 Ne2+ 32. Kh2 Nxc1 33. Rd8+ Kh7 34. Ne1 Rxf2 35. Rd1 Be5+ 36. Kg1 Rc2 37. Nxc2 Ne2+ 38. Kf2 Nf4 39. Ne3 Ng6 40. Rc1 Bd4 41. Ke2 Ne5 42. Rc2 Bxe3 43. Kxe3 Ng4+ 44. Kd3 1-0

[Event "November 21 Early 2023"]
[Site "https://www.chess.com"]
[Date "2023.11.21"]
[Round "6"]
[White "Dwilewicz, Katarzyna"]
[Black "Andreassen, Lars"]
[Result "1-0"]
[Board "201"]
[TimeControl "180+1"]
[WhiteFideId "1148486"]
[BlackFideId "1504878"]
[WhiteElo "2098"]
[BlackElo "2119"]
[WhiteTeam "POL"]
[BlackTeam "NOR"]
[WhiteClock "0:00:15"]
[BlackClock "0:00:33"]

1. e4 d6 2. Nc3 Nf6 3. f4 e5 4. d4 exd4 5. Qxd4 Nc6 6. Qd3 Be7 7. Nf3 O-O 8. Be3 Nb4 9. Qd2 Bg4 10. O-O-O c6 11. Kb1 Qa5 12. a3 Na6 13. Nd5 Qd8 14. Nxe7+ Qxe7 15. Qxd6 Qxd6 16. Rxd6 Nxe4 17. Rd4 Bxf3 18. gxf3 Nf6 19. Bxa6 bxa6 20. Rd6 Nd5 21. Bc1 Rac8 22. c4 Ne7 23. Re1 Nf5 24. Rd7 Ra8 25. Re5 g6 26. Kc2 Rfd8 27. Rxd8+ Rxd8 28. Be3 Nxe3+ 29. Rxe3 Rd4 30. Re4 Rd7 31. Kc3 Kf8 32. b4 Rd1 33. Re5 Rf1 34. Ra5 Rxf3+ 35. Kd4 Rxf4+ 36. Kc5 g5 37. Rxa6 g4 38. Rxc6 Kg7 39. Rc7 h5 40. Rxa7 h4 41. Re7 g3 42. hxg3 hxg3 43. Re1 g2 44. Rg1 Rf2 45. b5 Ra2 46. b6 f5 47. b7 Rb2 48. Rxg2+ Rxg2 49. b8=Q Kf6 50. Qf8+ Ke5 51. Qd6+ Ke4 52. Qd5+ 1-0

[Event "November 21 Early 2023"]
[Site "https://www.chess.com"]
[Date "2023.11.21"]
[Round "6"]
[White "cycygogne"]
[Black "missponyo10"]
[Result "0-1"]
[Board "202"]
[TimeControl "180+1"]
[WhiteElo "2259"]
[BlackElo "2171"]
[WhiteClock "0:00:24"]
[BlackClock "0:00:47"]

1. Nf3 d5 2. b3 c6 3. Bb2 e6 4. e3 Nf6 5. Be2 Bd6 6. Ne5 O-O 7. f4 Nfd7 8. O-O f6 9. Nf3 e5 10. fxe5 fxe5 11. c4 Qe7 12. d4 e4 13. Nfd2 Nf6 14. Qe1 Bg4 15. Nc3 Nbd7 16. Qh4 Bxe2 17. Nxe2 Qe6 18. Nf4 Qg4 19. Qxg4 Nxg4 20. Rae1 g5 21. Ne6 Bxh2+ 22. Kh1 Rxf1+ 23. Nxf1 Bd6 24. Nxg5 Ndf6 25. g3 Nf2+ 26. Kg2 Nd3 27. Re2 h6 28. Ne6 Re8 29. Nf4 Bxf4 30. gxf4 Kf7 31. Kh3 Rg8 32. Ba3 Rg1 33. Ng3 h5 34. Bd6 Ke6 35. Be5 Ng4 36. Nxh5 Ngf2+ 37. Kh4 Rg4# 0-1

[Event "November 21 Early 2023"]
[Site "https://www.chess.com"]
[Date "2023.11.21"]
[Round "6"]
[White "Elbebiber"]
[Black "Cnejev, Vladimir-Alexandru"]
[Result "1-0"]
[Board "204"]
[TimeControl "180+1"]
[BlackFideId "1260898"]
[WhiteElo "2135"]
[BlackElo "2058"]
[BlackTeam "ROU"]
[WhiteClock "0:00:05"]
[BlackClock "0:00:10"]

1. d4 Nf6 2. Bg5 d5 3. Bxf6 gxf6 4. e3 e6 5. c3 c5 6. Nf3 Nc6 7. g3 b6 8. Bg2 Be7 9. O-O h5 10. h4 Qc7 11. Nbd2 e5 12. c4 dxc4 13. Nxc4 Be6 14. b3 O-O-O 15. Qc2 Kb8 16. dxc5 Bxc5 17. Rfd1 f5 18. Qc3 f6 19. Rac1 f4 20. a3 fxg3 21. fxg3 e4 22. Nd4 Nxd4 23. exd4 Rxd4 24. Rxd4 Rd8 25. Rd1 Rxd4 26. Rxd4 Qd7 27. Kh2 Qd8 28. Rxe4 Bd5 29. Re2 Bxg2 30. Rxg2 Kb7 31. Qf3+ Ka6 32. Qe2 Kb7 33. Ne3 Qe7 34. Nf5 Qd7 35. Qf3+ Ka6 36. b4 Bf8 37. a4 Qxa4 38. Qd3+ Qb5 39. Ra2+ Kb7 40. Qxb5 a6 41. Qd7+ Kb8 42. Rc2 Bc5 43. bxc5 b5 44. Rb2 b4 45. c6 1-0

[Event "November 21 Early 2023"]
[Site "https://www.chess.com"]
[Date "2023.11.21"]
[Round "6"]
[White "Mayaud, Raphael"]
[Black "Nikulina, Alena"]
[Result "0-1"]
[Board "205"]
[TimeControl "180+1"]
[WhiteFideId "627151"]
[BlackFideId "4172051"]
[WhiteElo "2191"]
[BlackElo "1627"]
[WhiteTeam "FRA"]
[BlackTeam "RUS"]
[WhiteClock "0:00:12"]
[BlackClock "0:00:03"]

1. d4 d5 2. c4 dxc4 3. e4 e5 4. Nf3 Bb4+ 5. Nc3 exd4 6. Nxd4 Nd7 7. Bxc4 Ngf6 8. Bxf7+ Kxf7 9. Qb3+ Kg6 10. Qxb4 c5 11. Qc4 cxd4 12. f4 h6 13. Qxd4 Nb6 14. Qf2 Qd3 15. Qf3 Qxf3 16. gxf3 Bh3 17. b3 Rac8 18. Bb2 Kh7 19. Kf2 Rhd8 20. Rhd1 Be6 21. f5 Bf7 22. Ke3 a6 23. Rd4 Rxd4 24. Kxd4 Rd8+ 25. Ke3 Rd7 26. Rc1 Rc7 27. h4 Nfd7 28. f4 a5 29. Rg1 a4 30. Nd5 Nf6 31. Nxf6+ gxf6 32. Bxf6 Be8 33. Rg2 axb3 34. axb3 Bb5 35. Rd2 Rd7 36. Rxd7+ Nxd7 37. Bd4 Kg8 38. f6 Kf7 39. e5 Bc6 40. f5 Nf8 41. e6+ Nxe6 42. fxe6+ Kxe6 43. Kf4 Kf7 44. b4 h5 45. Ke5 Bf3 46. Kd6 Be4 47. Kc7 Ke6 48. Kd8 Kf7 49. Be5 Bd5 50. Bb2 Kg6 51. Ke7 Bf7 52. b5 Bd5 53. Bc3 Bf7 54. Kd6 Bc4 55. b6 Kf7 56. Ke5 Be2 57. Kf5 Bd3+ 58. Kg5 Be2 59. Be5 Bf3 60. Bc7 Be2 61. Bd8 Bd1 62. Be7 Be2 63. Kf4 Bg4 64. Ke5 Be6 65. Kd6 Bg4 66. Kc7 Bf3 67. Kc8 Bc6 68. Kc7 Ke6 69. Kd8 Kf7 70. Kc8 Bd5 71. Kc7 Kg6 72. Kd6 Bc6 73. Ke6 Be8 74. Bd6 Bf7+ 75. Ke7 Bd5 76. Be5 Bf7 77. Kd6 Kf5 78. Kc7 Kxe5 79. Kxb7 Kxf6 80. Kc6 Be8+ 81. Kd5 Bf7+ 82. Ke4 Be8 83. Kd5 Bf7+ 84. Kc6 Ke5 85. Kd7 Bd5 86. Ke7 Kf4 87. Kf6 Kg4 88. Kg6 Kxh4 89. Kf6 Kg4 90. Ke5 Bf3 91. Kd4 h4 92. Ke3 Kg3 93. Kd2 Kg2 94. Ke1 h3 95. Kd2 h2 96. Ke3 0-1

[Event "November 21 Early 2023"]
[Site "https://www.chess.com"]
[Date "2023.11.21"]
[Round "6"]
[White "Samarth J Rao"]
[Black "Adithya A Chullikkad"]
[Result "1-0"]
[Board "206"]
[TimeControl "180+1"]
[WhiteFideId "46652370"]
[BlackFideId "45078734"]
[WhiteElo "1564"]
[BlackElo "2042"]
[WhiteTeam "IND"]
[BlackTeam "IND"]
[WhiteClock "0:00:38"]
[BlackClock "0:00:00"]

1. e4 c5 2. Nc3 Nc6 3. g3 g6 4. Bg2 Bg7 5. d3 e6 6. Be3 Nge7 7. Qd2 b6 8. Bh6 Bxh6 9. Qxh6 Nd4 10. O-O-O Bb7 11. Qg7 Rg8 12. Qxh7 Qc7 13. Qh4 g5 14. Qh5 Rg7 15. Qh8+ Rg8 16. Qf6 Qd6 17. e5 Qc7 18. Bxb7 Qxb7 19. Ne4 Nef5 20. g4 d5 21. gxf5 dxe4 22. fxe6 fxe6 23. Nh3 exd3 24. Nxg5 d2+ 25. Kb1 Qc6 26. c3 Rxg5 27. cxd4 Rf5 28. Qg6+ Kd8 29. dxc5 Kc8 30. Rhg1 Kb7 31. Rxd2 Rc8 32. Rc1 Rxe5 33. Rdc2 Rxc5 34. Rxc5 bxc5 35. Qg7+ Kb8 36. Qe5+ Ka8 37. f4 Rd8 38. Qxc5 Qxc5 39. Rxc5 Rd1+ 40. Rc1 Rd2 41. Re1 Rxh2 42. Rxe6 Rf2 43. Rf6 Kb8 44. Rf7 Kc8 45. a3 a5 46. Ka2 a4 47. f5 Kd8 48. Ra7 Rf4 49. Ra5 Ke7 50. Kb1 Kf6 51. Kc2 Rc4+ 52. Kd3 Rh4 53. Kc3 Rh3+ 54. Kc2 Rh4 55. Rb5 1-0

[Event "November 21 Early 2023"]
[Site "https://www.chess.com"]
[Date "2023.11.21"]
[Round "6"]
[White "GMT4114"]
[Black "kingapolak"]
[Result "0-1"]
[Board "207"]
[TimeControl "180+1"]
[WhiteElo "1955"]
[BlackElo "2172"]
[WhiteClock "0:00:10"]
[BlackClock "0:00:56"]

1. e4 c5 2. Nc3 Nc6 3. Bb5 Nd4 4. Nf3 g6 5. Ba4 Bg7 6. O-O a6 7. Nxd4 cxd4 8. Ne2 b5 9. Bb3 Bb7 10. d3 d5 11. f3 Nf6 12. Qe1 O-O 13. Qh4 dxe4 14. fxe4 e6 15. Bg5 a5 16. a3 a4 17. Ba2 Qc7 18. Bxf6 Qxc2 19. Bxg7 Kxg7 20. Qf6+ Kg8 21. Rf2 Qxd3 22. Bb1 Qb3 23. Nxd4 Qe3 24. Nf3 Rac8 25. Bc2 Rxc2 26. Rf1 Rxf2 27. Rxf2 Rc8 28. h4 Rc1+ 29. Kh2 Qxf2 30. Qd8+ Kg7 31. e5 Rc8 32. Qe7 Bxf3 0-1

[Event "November 21 Early 2023"]
[Site "https://www.chess.com"]
[Date "2023.11.21"]
[Round "6"]
[White "Gyulamiryan-koryun"]
[Black "Fernandez Hernandez, Gerardo"]
[Result "0-1"]
[Board "208"]
[TimeControl "180+1"]
[BlackFideId "2207400"]
[WhiteElo "1895"]
[BlackElo "2114"]
[BlackTeam "ESP"]
[WhiteClock "0:00:01"]
[BlackClock "0:00:05"]

1. e4 e6 2. d4 d5 3. e5 c5 4. c3 Nc6 5. Nf3 Qb6 6. Qb3 f6 7. exf6 Nxf6 8. Bg5 Bd6 9. Qxb6 axb6 10. Na3 O-O 11. Nb5 Bb8 12. Bd3 Bd7 13. a4 Ne4 14. Bxe4 dxe4 15. Nd2 cxd4 16. Nxe4 dxc3 17. Nexc3 Nb4 18. O-O Nd5 19. Nxd5 exd5 20. Rad1 Rxa4 21. Rxd5 Bc6 22. Nc3 Rg4 23. h3 Rb4 24. Rd2 Be5 25. Rfd1 h6 26. Be7 Rff4 27. Bxb4 Rxb4 28. Re1 Bf6 29. Rde2 Kh7 30. Re6 Rxb2 31. Ne4 Bd4 32. Nd6 Bc5 33. Rf1 Rd2 34. Nc4 Rd5 35. Rb1 Rg5 36. g3 Bd5 37. Nxb6 Bxe6 38. Na4 Bd4 39. Rxb7 Ra5 40. Nb6 Rb5 41. Re7 Rxb6 42. Rc7 Bd5 43. Re7 Rb1+ 44. Kh2 Rh1# 0-1

[Event "November 21 Early 2023"]
[Site "https://www.chess.com"]
[Date "2023.11.21"]
[Round "6"]
[White "bn1462"]
[Black "udithj22"]
[Result "0-1"]
[Board "209"]
[TimeControl "180+1"]
[WhiteElo "1851"]
[BlackElo "2103"]
[WhiteClock "0:00:02"]
[BlackClock "0:01:00"]

1. d4 Nf6 2. c4 c5 3. d5 b5 4. cxb5 a6 5. bxa6 g6 6. Nc3 Bg7 7. e4 O-O 8. Nf3 Qa5 9. Bd2 Bxa6 10. Bxa6 Qxa6 11. Qe2 Qxe2+ 12. Kxe2 e6 13. Kd3 exd5 14. exd5 Na6 15. a3 d6 16. Rhe1 Nc7 17. Kc4 Rfb8 18. b4 cxb4 19. axb4 Rxa1 20. Rxa1 Nfxd5 21. Rb1 Nxc3 22. Bxc3 d5+ 23. Kd3 Bxc3 24. Kxc3 Nb5+ 25. Kb3 Ra8 26. Rd1 Rd8 27. Nd4 Nd6 28. b5 Rc8 29. Kb4 Rc4+ 30. Ka5 Kf8 31. b6 Ke7 32. Ka6 Ra4# 0-1

[Event "November 21 Early 2023"]
[Site "https://www.chess.com"]
[Date "2023.11.21"]
[Round "7"]
[White "Andreikin, Dmitry"]
[Black "Carlsen, Magnus"]
[Result "0-1"]
[Board "1"]
[TimeControl "180+1"]
[WhiteFideId "4158814"]
[BlackFideId "1503014"]
[WhiteElo "2741"]
[BlackElo "2887"]
[WhiteTeam "FID"]
[BlackTeam "NOR"]
[WhiteClock "0:00:03"]
[BlackClock "0:00:14"]

1. d4 g6 2. e4 Nf6 3. Nc3 d5 4. e5 Ne4 5. Bd3 Nxc3 6. bxc3 c5 7. h3 Nc6 8. Nf3 c4 9. Be2 Bf5 10. O-O e6 11. g4 Be4 12. Ng5 h5 13. f3 Be7 14. h4 Qa5 15. Bd2 Bxg5 16. hxg5 Bxf3 17. Bxf3 hxg4 18. Bxg4 Rh7 19. Kg2 Qa4 20. Qb1 O-O-O 21. Qb2 Rdh8 22. Rh1 Rxh1 23. Rxh1 Rxh1 24. Kxh1 Ne7 25. Kg2 b6 26. Kf2 Kd7 27. Ke3 Ke8 28. Qb1 Nc6 29. Bc1 Nd8 30. Kd2 Kd7 31. Bb2 Qb5 32. Qc1 Qa4 33. Ba3 Ke8 34. Qb2 Kd7 35. Bf8 Ke8 36. Bg7 Nc6 37. Bf6 Qa5 38. Ke3 Kd7 39. Qa1 Qa3 40. Kd2 b5 41. Qh1 Kc7 42. Qh7 b4 43. Qxf7+ Kb6 44. cxb4 Qxb4+ 45. Kd1 Qb1+ 46. Kd2 c3+ 47. Kd3 Nb4+ 48. Kxc3 Qxc2+ 49. Kxb4 a5+ 50. Ka3 Qc3+ 51. Ka4 Qb4# 0-1

[Event "November 21 Early 2023"]
[Site "https://www.chess.com"]
[Date "2023.11.21"]
[Round "7"]
[White "Dubov, Daniil"]
[Black "Nakamura, Hikaru"]
[Result "1/2-1/2"]
[Board "2"]
[TimeControl "180+1"]
[WhiteFideId "24126055"]
[BlackFideId "2016192"]
[WhiteElo "2767"]
[BlackElo "2874"]
[WhiteTeam "RUS"]
[BlackTeam "USA"]
[WhiteClock "0:00:06"]
[BlackClock "0:00:13"]

1. d4 a5 2. e4 c6 3. Nf3 d5 4. exd5 cxd5 5. Bf4 Nc6 6. Nc3 Bg4 7. Nb5 Rc8 8. c3 e6 9. h3 Bh5 10. Bd3 Nf6 11. O-O Be7 12. Re1 O-O 13. a4 Ne8 14. g4 Bg6 15. Bxg6 hxg6 16. Kg2 Nd6 17. Nxd6 Bxd6 18. Qd2 Bxf4 19. Qxf4 Qc7 20. Qg5 Qd8 21. Qf4 Qc7 22. Qg5 Qd8 23. Qd2 Nb8 24. h4 Nd7 25. g5 Re8 26. Qf4 Qc7 27. Qg4 Kf8 28. Re2 Ke7 29. Rae1 Qd6 30. Ne5 Nxe5 31. Rxe5 Kd8 32. Qf3 Re7 33. b3 Rcc7 34. c4 dxc4 35. d5 Kc8 36. bxc4 Rxc4 37. dxe6 fxe6 38. Qf8+ Kc7 39. Rxa5 Qb4 40. Rae5 Rg4+ 41. Kf1 Qc4+ 42. R1e2 Kd7 43. Qf3 Qc1+ 44. Re1 Qc4+ 45. R1e2 Ke8 46. Re4 Rxe4 47. Qxe4 Qxe4 48. Rxe4 Kf7 49. Rf4+ Kg8 50. Re4 Kh7 51. Rb4 Rc7 52. Kg2 Rc3 53. Rxb7 Rc4 54. a5 Rxh4 55. Kg3 Ra4 56. Rb5 Kg8 57. f4 Kf7 58. Kf3 Ke7 59. Rb7+ Kf8 60. Ra7 Kg8 61. a6 Kh7 62. Ke3 Kg8 63. Ra8+ Kh7 64. Ra7 Kg8 65. Ra8+ Kh7 66. a7 Ra5 67. Kd4 Ra4+ 68. Ke5 Ra1 69. Kd6 Ra6+ 70. Ke7 Ra1 71. Kf7 Ra4 72. Kxe6 Ra6+ 73. Ke5 Ra5+ 74. Ke4 Ra4+ 75. Ke3 Ra3+ 76. Kd4 Ra4+ 77. Kc5 Ra1 78. Kd6 Rd1+ 79. Ke7 Ra1 80. Kf8 Ra5 81. Re8 Rxa7 82. Re7 Ra8+ 83. Kf7 Ra4 84. Ke6 Rxf4 85. Rd7 Re4+ 86. Kf7 Re1 87. Rd4 Rf1+ 88. Ke6 Kg8 89. Rd8+ Kh7 90. Rd5 Rf4 91. Rc5 Rf2 92. Rd5 Re2+ 93. Re5 Ra2 94. Rd5 Ra4 95. Rc5 Kg8 96. Rc8+ Kh7 97. Rc5 Rg4 98. Rd5 Rg1 99. Rc5 Rf1 100. Rd5 Rf8 101. Ke7 Ra8 102. Kf7 Ra7+ 103. Ke6 Ra6+ 104. Ke5 Ra4 105. Ke6 Rb4 106. Rc5 Rf4 107. Rd5 Rh4 108. Rc5 Rh1 109. Rd5 Re1+ 110. Re5 Ra1 111. Rd5 Ra8 112. Ke7 Kg8 113. Rd8+ Rxd8 114. Kxd8 Kf7 115. Kd7 Kf8 116. Kd8 Kf7 117. Kd7 Kf8 118. Kd8 Kf7 1/2-1/2

[Event "November 21 Early 2023"]
[Site "https://www.chess.com"]
[Date "2023.11.21"]
[Round "7"]
[White "Rohith Krishna S"]
[Black "Le, Quang Liem"]
[Result "1/2-1/2"]
[Board "3"]
[TimeControl "180+1"]
[WhiteFideId "46617051"]
[BlackFideId "12401137"]
[WhiteElo "2394"]
[BlackElo "2665"]
[WhiteTeam "IND"]
[BlackTeam "VIE"]
[WhiteClock "0:00:17"]
[BlackClock "0:00:14"]

1. Nf3 d5 2. g3 g6 3. Bg2 Bg7 4. O-O e5 5. d3 Ne7 6. c4 O-O 7. Nc3 d4 8. Na4 a5 9. Rb1 Na6 10. a3 c6 11. b4 axb4 12. axb4 b5 13. cxb5 cxb5 14. Nc5 Nd5 15. Bd2 Qd6 16. Ng5 Nac7 17. Qb3 h6 18. Nge4 Qe7 19. e3 dxe3 20. fxe3 Rd8 21. Nc3 Nxc3 22. Bxc3 Rb8 23. Rf2 Be6 24. Qb2 Nd5 25. Bxe5 Bxe5 26. Qxe5 Qg5 27. Qxg5 hxg5 28. Nxe6 fxe6 29. Bxd5 Rxd5 30. Rf6 Kg7 31. Rxe6 Rxd3 32. Rc1 g4 33. Re4 Rf8 34. Rc7+ Kh6 35. Rxg4 Rxe3 36. Rc6 Rg8 37. Rb6 Re2 38. Rh4+ Kg7 39. Rb7+ Kf6 40. Rf4+ Ke6 41. Rxb5 Ra8 42. Rb6+ Ke5 43. Rxg6 Raa2 44. Rg5+ Ke6 45. Rg6+ Ke5 46. h4 Rg2+ 47. Kf1 Rh2 48. Rg5+ Ke6 49. Rg6+ Ke5 50. Kg1 Rag2+ 51. Kf1 Rb2 52. Rg5+ Ke6 53. Rg6+ Ke5 54. Rg5+ Ke6 55. Rg6+ Ke5 1/2-1/2

[Event "November 21 Early 2023"]
[Site "https://www.chess.com"]
[Date "2023.11.21"]
[Round "7"]
[White "Sadhwani, Raunak"]
[Black "Suyarov, Mukhammadzokhid"]
[Result "1/2-1/2"]
[Board "4"]
[TimeControl "180+1"]
[WhiteFideId "35093487"]
[BlackFideId "14210495"]
[WhiteElo "2668"]
[BlackElo "2449"]
[WhiteTeam "IND"]
[BlackTeam "UZB"]
[WhiteClock "0:00:05"]
[BlackClock "0:00:07"]

1. e4 e5 2. Nf3 Nf6 3. Nxe5 d6 4. Nf3 Nxe4 5. Nc3 Nxc3 6. dxc3 Be7 7. Be3 Nd7 8. Qd2 O-O 9. O-O-O Nf6 10. Bd3 c6 11. Kb1 d5 12. h4 Bg4 13. Rde1 Bd6 14. Nd4 Re8 15. f3 Bd7 16. g4 c5 17. Nf5 Bf8 18. Ng3 Bd6 19. Bf4 Qc7 20. Bxd6 Qxd6 21. Qf2 Rxe1+ 22. Rxe1 Re8 23. Rxe8+ Nxe8 24. b3 Nc7 25. c4 g6 26. cxd5 Qxd5 27. Ne4 Qe5 28. Qxc5 Qxc5 29. Nxc5 Bc8 30. Kc1 Kg7 31. Kd2 f5 32. gxf5 gxf5 33. Ke3 Kf6 34. Bc4 b6 35. Nd3 b5 36. Bg8 Kg7 37. Bxh7 Kxh7 38. Kf4 Nd5+ 39. Kg5 Ne3 40. c3 Bb7 41. Ne5 a5 42. c4 bxc4 43. bxc4 Nc2 44. Kxf5 Nd4+ 45. Kg4 Kh6 46. Nf7+ Kg6 47. Ne5+ Kf6 48. Nd7+ Ke7 49. Nc5 Bxf3+ 50. Kf4 Bh5 51. Ke4 Nc6 52. Nb7 Kd7 53. Kd5 Kc7 54. Nd6 Bf3+ 55. Kc5 Nb4 56. Ne8+ Kb7 57. a3 Nc2 58. Nd6+ Ka6 59. Nb5 Be2 60. Nc7+ Kb7 61. Nb5 Ne3 62. Nd6+ Ka6 63. Kd4 Nc2+ 64. Kc3 Nxa3 65. Kb2 Nxc4+ 66. Nxc4 Bxc4 67. h5 Bg8 68. h6 1/2-1/2